 Dungeon Crawl Stone Soup version 0.30-a0-802-gb92711bcdf (webtiles) character file.

Game seed: 16728712714802437909

160 Esekla the Covert (level 5, 37/37 HPs)
             Began as an Octopode Delver on Feb 24, 2023.
             Quit the game on level 5 of the Dungeon.
             The game lasted 00:05:29 (812 turns).

Esekla the Covert (Octopode Delver)                  Turns: 812, Time: 00:05:29

Health: 37/37      AC:  1    Str: 12    XL:     5   Next: 41%
Magic:  7/7        EV: 13    Int: 14    God:
Gold:   38         SH:  0    Dex: 13    Spells: 3/6 levels left

rFire   . . .      SeeInvis .    a - +0 long sword
rCold   . . .      Faith    .    (no shield)
rNeg    . . .      Spirit   .    (helmet restricted)
rPois   .          Reflect  .    (no amulet)
rElec   .          Harm     .    (no ring)
rCorr   .          Rampage  .    (no ring)
Will    .....                    (no ring)
Stlth   ++++++                   (no ring)
HPRegen 0.26/turn                (no ring)
MPRegen 0.10/turn                (no ring)
                                 (no ring)
                                 (no ring)

@: no status effects
A: almost no armour, amphibious, 8 rings, camouflage 1, gelatinous body 1,
nimble swimmer 1, tentacles
a: no special abilities


You were on level 5 of the Dungeon.
You visited 2 branches of the dungeon, and saw 2 of its levels.

You collected 38 gold pieces.

Inventory:

Hand Weapons
 a - a +0 long sword (weapon)
 e - a +0 dagger
Wands
 c - a wand of paralysis (9)
 f - a wand of digging (3)
 g - a wand of iceblast (13)
Scrolls
 b - a scroll of fog
 d - a scroll of identify {unknown}


   Skills:
 * Level 3.7 Fighting
 * Level 2.6 Long Blades
 * Level 2.6 Dodging
 + Level 8.0 Stealth
 * Level 1.4 Spellcasting
 * Level 0.1 Conjurations
 * Level 0.1 Air Magic
 * Level 0.1 Poison Magic


You had 3 spell levels left.
You knew the following spells:

 Your Spells              Type           Power      Damage    Failure   Level
c - Mephitic Cloud        Conj/Pois/Air  1%         N/A       56%         3

Your spell library contained the following spells:

 Spells                   Type           Power      Damage    Failure   Level
 Magic Dart               Conj           4%         1d3       24%         1
 Call Imp                 Summ           0%         N/A       36%         2


Dungeon Overview and Level Annotations

Branches:
Dungeon (5/15)             Temple (1/1) D:5

Altars:
Ashenzari
Cheibriados
Dithmenos
Elyvilon
Fedhas
Kikubaaqudgha
Makhleb
Nemelex Xobeh
Okawaru
Qazlal
Sif Muna
Trog
Vehumet
Wu Jian
Xom
Yredelemnul
Zin

Annotations:
D:5 Dowan, Duvessa


Innate Abilities, Weirdness & Mutations

You cannot wear most types of armour.
You are amphibious.
You can wear up to eight rings at the same time.
Your skin changes colour to match your surroundings (Stealth+).
Your rubbery body absorbs attacks. (AC +1, EV +1)
You are camouflaged when in or above water. (Stealth+)
You have tentacles for arms and can constrict up to eight enemies at once.


Message History

You hit the orc wizard.
The orc wizard is heavily wounded.
The orc wizard closely misses you.
You bump into the metal wall.
The orc wizard completely misses you.
You miss the orc wizard.
The orc wizard is heavily wounded.
You feel less confused.
The orc wizard hits you with a +0 dagger.
You hit the orc wizard but do no damage.
Your grab misses the orc wizard. Your squeeze misses the orc wizard.
The orc wizard is heavily wounded.
The orc wizard points at you and mumbles some strange words.
The puff of flame misses you.
You hit the orc wizard. You grab the orc wizard.
The orc wizard is heavily wounded.
You constrict the orc wizard.
The orc wizard hits you but does no damage.
The orc wizard hits you with a +0 dagger.
You slash the orc wizard!
You kill the orc wizard!
Your Stealth skill increases to level 8!
Things that are here:
a +0 dagger; a +0 robe
e - a +0 dagger You see here a +0 short sword.
There is an open door here.
You enter the shallow water.
Items here: ))) [ ÷.
This spell is extremely dangerous to cast!
Memorise Mephitic Cloud, consuming 3 spell levels and leaving 3?
You start memorising the spell.
You continue memorising. x3
You finish memorising.
Spell assigned to 'a'.
Adjust (i)tems, (s)pells, or (a)bilities?
Adjust which spell? a - Mephitic Cloud Adjust to which letter? c - Mephitic Cloud You start resting.
HP restored.
Are you sure you want to abandon this character and quit the game? (Confirm with "yes".)

** ##..## ##.#* ,* #....#
#..# .#* ##....# ##.#* ..#*
##.....#####..##
...###..............## ####
...............###...####..#
.............### ###.....###
...........##########...##
........#...###≈@≈###..##
.......###.##≈≈≈≈≈≈≈##.#
......## ###≈≈.###.≈≈###
.....## #≈≈.##_##.≈≈# .....#
##≈≈.#.[.#.≈≈## #...##
#≈≈≈.#...#.≈≈≈# ...##
##≈≈.##)##.≈≈## ...#
#≈≈≈~#'#~≈≈≈# ..##
###≈≈~8.8)≈≈##


There were no monsters in sight!

Vanquished Creatures
  A water moccasin (D:5)
  A hound (D:5)
  An orc wizard (D:5)
  3 orcs (D:5)
6 creatures vanquished.

Vanquished Creatures (others)
  An orc (D:5)
1 creature vanquished.

Grand Total: 7 creatures vanquished

Notes
Turn   | Place    | Note
-------+----------+-------------------------------------------
     0 | D:5      | Esekla the Octopode Delver began the quest for the Orb.
     0 | D:5      | Reached XP level 1. HP: 16/16 MP: 1/1
     3 | D:5      | Noticed a phantom
    16 | D:5      | Noticed an iguana
    20 | D:5      | Noticed a gnoll bouda
    57 | D:5      | Noticed Duvessa
    80 | D:5      | Noticed a hound
    85 | D:5      | Noticed Dowan
    96 | D:5      | Killed a hound
    97 | D:5      | Reached skill level 7 in Stealth
    97 | D:5      | Reached XP level 2. HP: 21/21 MP: 1/3
    97 | D:5      | Reached XP level 3. HP: 26/26 MP: 1/4
   136 | D:5      | Noticed an ogre
   162 | D:5      | Noticed a necrophage
   168 | D:5      | Found a staircase to the Ecumenical Temple.
   168 | D:5      | Noticed a water moccasin
   175 | Temple   | Entered the Ecumenical Temple
   361 | D:5      | Killed a water moccasin
   362 | D:5      | Reached skill level 1 in Spellcasting
   362 | D:5      | Reached XP level 4. HP: 7/33 MP: 4/6
   362 | D:5      | Reached XP level 5. HP: 8/37 MP: 4/7
   523 | D:5      | Found a shimmering blue altar of Sif Muna.
   750 | D:5      | Reached skill level 8 in Stealth
   772 | D:5      | Learned a level 3 spell: Mephitic Cloud
   812 | D:5      | Quit the game

Illustrated notes

Levels and vault maps discovered:
D:5:      layout_layer_cave, kennysheep_orc_sif_temple,
          minmay_temple_entry_trees, uniq_duvessa
Temple:   regret_index_temple_sphere_string

Skill      XL: |  1  2  3  4  5 |
---------------+----------------+-----
Stealth        | 7 8 |  8.0
Spellcasting   | 1 |  1.4
Fighting       | |  3.7
Long Blades    | |  2.6
Dodging        | |  2.6
Conjurations   | |  0.1
Air Magic      | |  0.1
Poison Magic   | |  0.1

Action                     |  1- 3 |  4- 6 || total
---------------------------+-------+-------++-------
  Melee: Falchion          |     4 |       ||     4
         Tentacles         |     3 |     2 ||     5
         Constrict         |     2 |     2 ||     4
         Long sword        |     4 |    20 ||    24
    Use: Potion            |     2 |     2 ||     4
         Scroll            |     2 |       ||     2
   Stab: Sleeping          |       |     1 ||     1
 Armour: Skin              |     2 |     1 ||     3
  Dodge: Dodged            |     7 |    11 ||    18

Table legend: (Time is in decaauts)
 A = Elapsed time spent in this place.
 B = Non-inter-level travel time spent in this place.
 C = Inter-level travel time spent in this place.
 D = Time resting spent in this place.
 E = Time spent auto-exploring this place.
 F = Levels seen in this place.
 G = Mean time per level.
                   A        B        C        D        E       F      G
               +--------+--------+--------+--------+--------+-----+--------+
         Total |    804 |    784 |     20 |    288 |    133 |   2 |  402.0 |
       Dungeon |    637 |    636 |      1 |    288 |      0 |   1 |  637.0 |
        Temple |    166 |    147 |     19 |      0 |    133 |   1 |  166.0 |
               +--------+--------+--------+--------+--------+-----+--------+

Top non-repeatable levels by time:
     D:5: 637 daAuts
  Temple: 166 daAuts
